 Dungeon Crawl Stone Soup version 0.24.0-13-gcf9b319 (webtiles) character file.

Game seed: 10359828928384306814, levelgen mode: deterministic

116 Dharzhak the Conjurer (level 4, -8/24 HPs)
             Began as a Deep Elf Conjurer on Dec 25, 2019.
             Blown up by Ijyb (32 damage)
             ... with a disintegration bolt
             ... on level 3 of the Dungeon.
             The game lasted 00:16:21 (2953 turns).

Dharzhak the Conjurer (Deep Elf Conjurer)           Turns: 2953, Time: 00:16:21

Health: -8/24      AC:  2    Str:  5    XL:     4   Next: 69%
Magic:  11/21      EV: 14    Int: 21    God:
Gold:   201        SH:  0    Dex: 15    Spells: 2/12 levels left

rFire    . . .     SeeInvis .   o - +2 short sword (holy)
rCold    . . .     Gourm    .   (no shield)
rNeg     . . .     Faith    .   a - +0 robe
rPois    .         Spirit   .   (no helmet)
rElec    .         Reflect  .   (no cloak)
rCorr    .         Harm     .   (no gloves)
MR       .....                  (no boots)
Stlth    ++........             (no amulet)
HPRegen  0.08/turn              v - ring of magical power
MPRegen  0.17/turn              j - +1 ring of evasion

@: no status effects
A: no striking features
a: no special abilities


You were on level 3 of the Dungeon.
You were not hungry.

You visited 1 branch of the dungeon, and saw 3 of its levels.

You collected 201 gold pieces.

Inventory:

Hand Weapons
 o - a +2 short sword of holy wrath (weapon)
Missiles
 m - 8 boomerangs of dispersal (quivered)
 w - 4 boomerangs
Armour
 a - a +0 robe (worn)
Jewellery
 j - a +1 ring of evasion (right hand)
 n - an uncursed ring of flight
 s - an uncursed amulet of rage
 v - a ring of magical power (left hand)
Scrolls
 b - 5 scrolls of identify {unknown}
 d - 3 scrolls of teleportation {unknown}
 f - 3 scrolls of remove curse {unknown}
 h - 2 scrolls of enchant weapon {unknown}
 i - a scroll of enchant armour {unknown}
 k - a scroll of magic mapping {unknown}
 l - 2 scrolls of fog {unknown}
Potions
 e - a potion of berserk rage {unknown}
 g - 3 potions of brilliance {unknown}
 p - 3 potions of heal wounds {unknown}
 r - a potion of lignification {unknown}
 t - a potion of haste {unknown}
 u - 3 potions of curing {unknown}
Comestibles
 c - 3 rations
 q - a chunk of flesh


   Skills:
 + Level 0.1 Short Blades
 + Level 2.6 Dodging
 + Level 2.9 Stealth
 * Level 4.8 Spellcasting
 * Level 5.6 Conjurations


You had 2 spell levels left.
You knew the following spells:

 Your Spells              Type           Power        Failure   Level  Hunger
a - Magic Dart            Conj           ####         1%          1    None
b - Searing Ray           Conj           ####..       1%          2    None
c - Dazzling Spray        Conj/Hex       ###...       11%         3    ##.....
d - Iskenderun's Mystic   Conj           ####....     11%         4    ####...

Your spell library contained the following spells:

 Spells                   Type           Power        Failure   Level  Hunger
 Force Lance              Conj/Tloc      ###.....     34%         4    ####...
 Fulminant Prism          Conj/Hex       ###.......   34%         4    ####...


Dungeon Overview and Level Annotations

Branches:
Dungeon (3/15)

Altars:
Gozag
Kikubaaqudgha
Makhleb
Trog

Annotations:
D:3 Ijyb


Message History

Aim: Ijyb, wielding a +0 dagger, wearing a +0 leather armour of positive energy and carrying a wand of disintegration (11) (moderately wounded, blind, hasn't noticed you)
The magic dart hits Ijyb.
Ijyb is moderately wounded.
Casting: Magic Dart (safe; 1% risk of failure)
Confirm with . or Enter, or press ? or * to list all spells.
Aiming: Magic Dart (safe; 1% risk of failure)
Press: ? - help, Shift-Dir - straight line, f/p - Ijyb
Aim: Ijyb, wielding a +0 dagger, wearing a +0 leather armour of positive energy and carrying a wand of disintegration (11) (moderately wounded, blind)
The magic dart hits Ijyb.
Ijyb is heavily wounded.
Casting: Magic Dart (safe; 1% risk of failure)
Confirm with . or Enter, or press ? or * to list all spells.
Aiming: Magic Dart (safe; 1% risk of failure)
Press: ? - help, Shift-Dir - straight line, f/p - Ijyb
Aim: Ijyb, wielding a +0 dagger, wearing a +0 leather armour of positive energy and carrying a wand of disintegration (11) (heavily wounded, blind)
The magic dart hits Ijyb.
Ijyb is severely wounded.
Ijyb zaps a wand.
You are blasted!
Ouch! That really hurt!
You die...

..........###..#.#. #.#
..........##...... ######.#
..........##..?... #.......
..........##...... #.######
..........# #..#.# #.#
..........# #...!#### #.#
......##### #.>.g#.. #.#
......#######....#.##### #.#
............#...@#.#... #.#
............#...<..#.# #.#
.......)....#........# #.#
...................###.# #.#
.........##............# #.#
..#......##........#####.#.#
..#......................#.#
............).รท....#######.#
...................# #.#


You could see Ijyb (blind).

Vanquished Creatures
  5 adders
  An ooze (D:2)
  A worm (D:2)
  A dart slug (D:2)
  A leopard gecko (D:3)
  2 orcs (D:3)
  A giant cockroach (D:3)
  6 hobgoblins
  5 jackals
  4 ball pythons
  8 bats
  3 frilled lizards
  9 goblins
  6 kobolds
  3 rats
56 creatures vanquished.

Notes
Turn   | Place    | Note
-------+----------+-------------------------------------------
     0 | D:1      | Dharzhak the Deep Elf Conjurer began the quest for the Orb.
     0 | D:1      | Reached XP level 1. HP: 10/10 MP: 6/6
   399 | D:1      | Reached XP level 2. HP: 10/15 MP: 0/8
   691 | D:1      | Learned a level 2 spell: Searing Ray
   832 | D:1      | Reached skill level 5 in Conjurations
  1400 | D:2      | Reached XP level 3. HP: 13/19 MP: 0/9
  1787 | D:2      | Learned a level 3 spell: Dazzling Spray
  2089 | D:3      | Reached XP level 4. HP: 24/24 MP: 8/12
  2146 | D:3      | Learned a level 4 spell: Iskenderun's Mystic Blast
  2402 | D:3      | Found an ancient bone altar of Kikubaaqudgha.
  2403 | D:3      | Found a bloodstained altar of Trog.
  2403 | D:3      | Found an opulent altar of Gozag.
  2404 | D:3      | Found a burning altar of Makhleb.
  2943 | D:3      | Noticed Ijyb
  2953 | D:3      | Blown up by Ijyb

Levels and vault maps discovered:
D:1:      dpeg_arrival_concentric_ovals, layout_loops_ring
D:2:      layout_loops_ring
D:3:      layout_basic, chequers_temple_overflow_statue_of_worship,
          grunt_decor_one_mirror, serial_park_tiny_pond, corner_web_ring,
          minivault_11, minmay_unequal, uniq_ijyb

Skill      XL: |  1  2  3 |
---------------+----------+-----
Conjurations   | 5 |  5.6
Spellcasting   | 4 |  4.8
Short Blades   | |  0.1
Dodging        | |  2.6
Stealth        | |  2.9

Action                   |  1- 3 |  4- 6 || total
-------------------------+-------+-------++-------
Melee: Short sword       |    11 |       ||    11
 Cast: Magic Dart        |    64 |    49 ||   113
       Searing Ray       |     2 |       ||     2
       Dazzling Spray    |     1 |     1 ||     2
       Iskenderun's Myst |       |     2 ||     2
 Stab: Sleeping          |     1 |       ||     1
  Eat: Chunk             |     4 |     3 ||     7
Armor: Robe              |     1 |     1 ||     2
Dodge: Dodged            |    18 |     8 ||    26
